 Dungeon Crawl Stone Soup version 0.27-a0-1612-gde56a17b89 (webtiles) character file.

Game seed: 9060383494091492559

123 willcat the Skirmisher (level 5, -11/47 HPs)
             Began as a Hill Orc Wanderer on July 21, 2021.
             Was an Initiate of Ashenzari.
             Mangled by a gnoll (13 damage)
             ... on level 2 of the Dungeon.
             The game lasted 00:03:07 (3498 turns).

willcat the Skirmisher (Hill Orc Wanderer)          Turns: 3498, Time: 00:03:08

Health: -11/47     AC:  5    Str: 14    XL:     5   Next: 7%
Magic:  5/5        EV: 10    Int: 14    God:    Ashenzari [......]
Gold:   157        SH:  0    Dex: 10    Spells: 4/4 levels left

rFire    . . .     SeeInvis .   a - +2 short sword
rCold    . . .     Faith    .   (no shield)
rNeg     . . .     Spirit   .   b - +0 ring mail
rPois    .         Reflect  .   (no helmet)
rElec    .         Harm     .   (no cloak)
rCorr    .         Rampage  .   (no gloves)
Will     .....                  (no boots)
Stlth    +.........             (no amulet)
HPRegen  0.15/turn              (no ring)
MPRegen  0.09/turn              (no ring)

@: no status effects
A: no striking features
a: Renounce Religion, Curse Item


You were on level 2 of the Dungeon.
You worshipped Ashenzari.
Ashenzari was noncommittal.
You visited 1 branch of the dungeon, and saw 2 of its levels.

You collected 157 gold pieces.

Inventory:

Hand Weapons
 a - a +2 short sword (weapon)
Armour
 b - a +0 ring mail (worn)
Scrolls
 d - a scroll of teleportation
 e - a scroll of enchant armour
 h - 2 scrolls of identify
 i - 2 scrolls of amnesia
Potions
 c - 4 potions of lignification
 f - 2 potions of flight
 g - a potion of brilliance


   Skills:
 + Level 4.6 Fighting
 + Level 3.1 Short Blades
 - Level 1.0 Throwing
 + Level 4.1 Armour
 + Level 1.5 Dodging
 - Level 1.0 Stealth


You had 4 spell levels left.
You didn't know any spells.
Your spell library contained the following spells:

 Spells                   Type           Power      Damage    Failure   Level
 Animate Skeleton         Necr           0%         N/A       50%         1
 Pain                     Necr           0%         1d4       50%         1
 Ignite Poison            Fire/Tmut/Pois 0%         N/A       86%         3
 Mephitic Cloud           Conj/Pois/Air  0%         N/A       86%         3
 Vampiric Draining        Necr           0%         2d6       86%         3
 Bolt of Magma            Conj/Fire/Erth 0%         4d4       100%        5


Dungeon Overview and Level Annotations

Branches:
Dungeon (2/15)

Altars:
Ashenzari

Shops:
D:1 (

Annotations:
D:2 Sigmund


Message History

You puncture the frilled lizard!
You kill the frilled lizard!
No target in view!
No target in view!
Found an escape hatch in the ceiling.
c - 4 potions of lignification (gained 1)
Things that are here:
a +0 whip; a +0 whip; an orc corpse Key pressed, stopping explore.
Nothing quivered!
Key pressed, stopping explore.
Found 12 gold pieces.
You now have 157 gold pieces (gained 12).
You see here a +0 rapier.
Key pressed, stopping explore.
No target in view!
Sigmund the Dreaded comes into view.
He is wielding a +2 scythe of flaming.
Sigmund shouts!
Sigmund points at you and mumbles some strange words.
The magic dart hits you!
Sigmund points at you and mumbles some strange words.
The magic dart hits you! Sigmund gestures at you while chanting.
The magic dart hits you. Sigmund gestures at you while chanting.
The puff of flame hits you!
Things that are here:
3 stones; a +0 short sword Sigmund points at you and mumbles some strange words.
You resist with some effort. Sigmund casts a spell at you.
The puff of flame hits you.
The gnoll shouts!
You hear a shout!
The gnoll shouts!
The gnoll hits you with a +0 halberd.
* * * LOW HITPOINT WARNING * * *
The gnoll hits you with a +0 halberd!
* * * LOW HITPOINT WARNING * * *
The gnoll hits you with a +0 halberd!
You die...

.....# #..........#.#####.###.#
.....# #..........#...........#
.....# #######....#...........#
.....#####.......#............#
...@.(.......................##
.....####.@._................#
.....#####......g.#'###....###
####.......................######
#.......#...g@...##...........
#.......#######..##....#######
#.......# ##.##.....#.#
#.......########.###......#
#.......##......>#......#.#
#.......##.#######......#.#
#.......##'#............#.#
#............#####.....##.#
####......)................#.###


You could see Sigmund and 2 gnolls.

Vanquished Creatures
  An orc priest (D:2)
  Natasha (D:1)
  3 dart slugs (D:2)
  2 orcs (D:2)
  6 ball pythons
  2 bats
  9 endoplasms
  4 giant cockroaches
  3 goblins
  2 hobgoblins
  5 jackals
  7 kobolds
  A quokka (D:1)
  3 frilled lizards
  4 rats
53 creatures vanquished.

Notes
Turn   | Place    | Note
-------+----------+-------------------------------------------
     0 | D:1      | willcat the Hill Orc Wanderer began the quest for the Orb.
     0 | D:1      | willcat set off with the following items: a +2 short sword,
                  | a +0 ring mail, a potion of lignification
     0 | D:1      | Reached XP level 1. HP: 19/19 MP: 1/1
   466 | D:1      | Reached XP level 2. HP: 27/27 MP: 2/2
   800 | D:1      | Found Uziomaher's Weapon Shop.
  1051 | D:1      | Reached XP level 3. HP: 29/33 MP: 3/3
  1634 | D:2      | Found a broken altar of Ashenzari.
  1693 | D:2      | Reached skill level 1 in Dodging
  1764 | D:2      | Became a worshipper of Ashenzari the Shackled
  2656 | D:2      | Noticed Natasha
  2701 | D:1      | Reached XP level 4. HP: 9/40 MP: 4/4
  3065 | D:1      | Killed Natasha
  3103 | D:2      | Reached XP level 5. HP: 26/47 MP: 5/5
  3477 | D:2      | Noticed Sigmund
  3497 | D:2      | HP: 2/47 [gnoll (9)]
  3498 | D:2      | Mangled by a gnoll

Illustrated notes

Levels and vault maps discovered:
D:1:      dpeg_arrival_radiant, layout_basic, serial_shops,
          nicolae_shop_window_shopping
D:2:      layout_basic, basic_altar, uniq_natasha, uniq_sigmund

Skill      XL: |  1  2  3  4 |
---------------+-------------+-----
Fighting       | 4 |  4.6
Dodging        | 1 |  1.5
Short Blades   | 3 |  3.1
Armour         | 4 |  4.1
Throwing       | |  1.0
Stealth        | |  1.0

Action                   |  1- 3 |  4- 6 || total
-------------------------+-------+-------++-------
Melee: Short sword       |   137 |    41 ||   178
Armor: Ring mail         |    56 |     9 ||    65
Dodge: Dodged            |    77 |    31 ||   108

Table legend: (Time is in decaauts)
 A = Elapsed time spent in this place.
 B = Non-inter-level travel time spent in this place.
 C = Inter-level travel time spent in this place.
 D = Time resting spent in this place.
 E = Time spent auto-exploring this place.
 F = Levels seen in this place.
 G = Mean time per level.
                   A        B        C        D        E       F      G
               +--------+--------+--------+--------+--------+-----+--------+
         Total |   3496 |   3430 |     66 |    679 |   2325 |   2 | 1748.0 |
       Dungeon |   3496 |   3430 |     66 |    679 |   2325 |   2 | 1748.0 |
               +--------+--------+--------+--------+--------+-----+--------+

Top non-repeatable levels by time:
     D:1: 2200 daAuts
     D:2: 1296 daAuts
